 Dungeon Crawl Stone Soup version 0.27-a0-637-g3a9f0a9c12 (webtiles) character file.

Game seed: 1652041280711211613

99749 JoanKharjo the Archer (level 16, -12/109 HPs)
             Began as a Human Arcane Marksman on Mar 15, 2021.
             Was the Champion of Hepliaklqana.
             Killed from afar by an eleionoma (40 damage)
             ... with a spray of wooden splinters
             ... on level 2 of the Swamp.
             The game lasted 04:42:07 (61263 turns).

JoanKharjo the Archer (Human Arcane Marksman)      Turns: 61263, Time: 04:42:08

Health: -12/109    AC: 15    Str: 11    XL:     16   Next: 77%
Magic:  23/27      EV: 20    Int: 26    God:    Hepliaklqana [******]
Gold:   1969       SH:  0    Dex: 16    Spells: 0/30 levels left

rFire    . . .     SeeInvis .   p - +0 dagger (elec)
rCold    . . .     Faith    .   (no shield)
rNeg     . . .     Spirit   .   A - +0 steam dragon scales
rPois    .         Reflect  .   E - +1 helmet
rElec    .         Harm     .   v - +0 cloak
rCorr    .         Rampage  .   X - +2 pair of gloves
Will     +....                  k - +0 pair of boots
Stlth    ++++......             D - amulet of magic regeneration
HPRegen  0.28/turn              t - +6 ring of intelligence
MPRegen  0.45/turn              U - +4 ring of evasion

@: no status effects
A: reduced essence, thin skeletal structure 1, MP-powered wands
a: Renounce Religion, Recall Ancestor, Ancestor Identity, Transference, Idealise


You were on level 2 of the Swamp.
You worshipped Hepliaklqana.
Hepliaklqana was exalted by your worship.
You visited 7 branches of the dungeon, and saw 27 of its levels.
You also visited: Ice Cave.

You collected 2808 gold pieces.
You spent 839 gold pieces at shops.

Inventory:

Hand Weapons
 a - a +6 shortbow of freezing
 p - a +0 dagger of electrocution (weapon)
 x - a +2 trident of venom
 V - a +6 longbow
 Z - a +3 lajatang
Missiles
 d - 373 arrows
 w - 14 throwing nets (quivered)
Armour
 k - a +0 pair of boots (worn)
 v - a +0 cloak (worn)
 A - +0 steam dragon scales (worn)
 E - a +1 helmet (worn)
 F - +0 swamp dragon scales
 X - a +2 pair of gloves (worn)
Jewellery
 g - a ring of protection from cold
 t - a +6 ring of intelligence (right hand)
 D - an amulet of magic regeneration (around neck)
 U - a +4 ring of evasion (left hand)
Wands
 m - a wand of charming (33)
 K - a wand of polymorph (59)
 L - a wand of mindburst (36)
 O - a wand of paralysis (25)
 Q - a wand of iceblast (13)
 S - a wand of acid (13)
Scrolls
 h - 3 scrolls of immolation
 l - 6 scrolls of amnesia
 r - 3 scrolls of magic mapping
 s - a scroll of acquirement {unknown}
 u - 5 scrolls of teleportation
 z - 2 scrolls of fog
 B - 6 scrolls of enchant armour
 C - a scroll of blinking {unknown}
 G - 2 scrolls of enchant weapon
 I - 2 scrolls of vulnerability
 M - 2 scrolls of silence
 N - a scroll of noise
Potions
 b - a potion of berserk rage
 c - 3 potions of brilliance
 e - 4 potions of might
 f - a potion of cancellation {unknown}
 i - 11 potions of curing
 j - 16 potions of ambrosia
 n - 2 potions of lignification
 q - a potion of invisibility
 H - 2 potions of attraction
 J - a potion of resistance {unknown}
 P - 5 potions of flight
 R - 3 potions of haste
 T - a potion of magic {unknown}
Miscellaneous
 o - a lightning rod (4/4)
 y - a tin of tremorstones (2/2)
 W - a tin of tremorstones (2/2)
 Y - a lightning rod (4/4)


   Skills:
 - Level 10.3 Fighting
 - Level 2.0 Short Blades
 - Level 14.0 Bows
 - Level 7.9 Armour
 + Level 8.4 Dodging
 - Level 4.1 Stealth
 - Level 7.5 Spellcasting
 - Level 13.0 Hexes
 - Level 10.1 Summonings
 - Level 2.1 Translocations
 - Level 4.0 Ice Magic
 - Level 6.6 Invocations


You couldn't memorise any spells.
You knew the following spells:

 Your Spells              Type           Power      Damage    Failure   Level
a - Corona                Hex            74%        N/A       1%          1
b - Slow                  Hex            67%        N/A       1%          2
c - Inner Flame           Hex/Fire       43%        N/A       1%          3
d - Portal Projectile     Hex/Tloc       98%        N/A       1%          3
e - Cause Fear            Hex            33%        N/A       1%          4
f - Leda's Liquefaction   Hex/Erth       21%        N/A       4%          4
g - Summon Ice Beast      Ice/Summ       46%        N/A       3%          4
h - Blink                 Tloc           N/A        N/A       3%          2
i - Tukima's Dance        Hex            67%        N/A       1%          3
j - Summon Lightning Spi  Summ/Air       36%        N/A       8%          4

Your spell library contained the following spells:

 Spells                   Type           Power      Damage    Failure   Level
 Freeze                   Ice            100%       1d11      1%          1
 Summon Small Mammal      Summ           100%       N/A       1%          1
 Call Imp                 Summ           58%        N/A       1%          2
 Call Canine Familiar     Summ           58%        N/A       1%          3
 Confusing Touch          Hex            67%        N/A       1%          3
 Summon Guardian Golem    Hex/Summ       63%        N/A       1%          3
 Apportation              Tloc           42%        N/A       2%          1
 Frozen Ramparts          Ice            60%        1d8       3%          3
 Ozocubu's Armour         Ice            30%        N/A       3%          3
 Metabolic Englaciation   Hex/Ice        26%        N/A       4%          5
 Invisibility             Hex            67%        N/A       4%          6
 Sandblast                Erth           18%        2d7       6%          1
 Sting                    Tmut/Pois      36%        1d4       6%          1
 Gell's Gravitas          Tloc           10%        N/A       8%          3
 Lesser Beckoning         Tloc           10%        N/A       8%          3
 Teleport Other           Tloc           21%        N/A       8%          3
 Poisonous Vapours        Pois/Air       18%        N/A       9%          2
 Yara's Violent Unravell  Hex/Tmut       21%        3d10      12%         5
 Ignite Poison            Fire/Tmut/Pois 9%         N/A       19%         3
 Mephitic Cloud           Conj/Pois/Air  9%         N/A       19%         3
 Manifold Assault         Tloc           21%        N/A       24%         4
 Hailstorm                Conj/Ice       20%        3d6       26%         4
 Animate Dead             Necr           4%         N/A       52%         4
 Olgreb's Toxic Radiance  Pois           9%         N/A       52%         4
 Petrify                  Tmut/Erth      9%         N/A       52%         4
 Alistair's Intoxication  Tmut/Pois      6%         N/A       86%         5
 Borgnjor's Vile Clutch   Necr/Erth      4%         N/A       86%         5
 Discord                  Hex            33%        N/A       88%         8
 Simulacrum               Ice/Necr       10%        N/A       98%         6
 Death Channel            Necr           4%         N/A       100%        6


Dungeon Overview and Level Annotations

Branches:
Dungeon (13/15)            Temple (1/1) D:5            Lair (6/6) D:9
  Swamp (3/4) Lair:2        Snake (0/4) Lair:3        Slime (1/5) Lair:6
    Orc (2/2) D:12            Elf (1/3) Orc:2         IceCv (visited)
 Vaults: D:13-14

Altars:
Ashenzari
Cheibriados
Elyvilon
Fedhas
Gozag
Hepliaklqana
Okawaru
Qazlal
Sif Muna
Uskayaw
Wu Jian
The Shining One
Jiyva

Shops:
D:4 [   D:5 [   D:7 *   D:13 *   Orc:2 =(**

Portals:
Pandemonium: Orc:2

Annotations:
D:8 exclusion: upstairs, Gastronok, Psyche
D:13 3 runed translucent doors, Runute's ghost, journeyman GrEE
Swamp:2 Frances
Elf:1 Asterion


Innate Abilities, Weirdness & Mutations

Your life essence is reduced to manifest your ancestor. (-10% HP)
You have a somewhat thin skeletal structure. (Dex +2, Stealth)
You expend magic power (3 MP) to strengthen your wands.


Message History

Your ice beast completely misses the spriggan rider.
You climb upwards.
Your summoned allies are left behind.
Level annotation: Frances
There is a stone staircase leading down here.
Unknown command.
You hit the eleionoma.
The eleionoma is moderately wounded.
Numeria hits the eleionoma with a +0 dagger of draining.
The eleionoma hits you but does no damage.
You hit the eleionoma but do no damage.
The eleionoma is moderately wounded.
Numeria closely misses the eleionoma.
You hit the eleionoma.
Lightning courses through the eleionoma!!
The eleionoma is heavily wounded.
The eleionoma hurls a spray of splinters at you.
The spray of wooden splinters misses you.
Numeria barely misses the eleionoma.
You closely miss the eleionoma.
The eleionoma is heavily wounded.
The eleionoma hurls a spray of splinters at you.
The spray of wooden splinters hits you!!
* * * LOW HITPOINT WARNING * * *
Numeria closely misses the eleionoma.
Unknown command.
You swap places.
The eleionoma misses you.
Numeria hits the eleionoma with a +0 dagger of draining!
Unknown command.
Unknown command.
You catch the helpless eleionoma completely off-guard!
You puncture the eleionoma!
The eleionoma is almost dead.
The eleionoma touches a tree and draws upon its vitality.
The eleionoma is healed.
Numeria hits the eleionoma with a +0 dagger of draining!
You hit the eleionoma.
The eleionoma is heavily wounded.
The eleionoma hurls a spray of splinters at you.
The spray of wooden splinters hits you!!!
You die...

♣♣♣≈♣♣≈.....≈♣♣♣ ♣
♣♣..≈≈..........♣ ♣
♣≈.≈≈.≈.≈≈≈≈....♣ ♣
♣♣♣....≈≈≈≈≈≈≈^.♣♣♣♣ ♣
♣...≈.≈≈≈≈≈≈≈≈.♣♣≈.♣ ♣
≈≈≈≈.≈≈≈≈≈≈≈≈≈≈♣...♣ ♣♣♣♣ ♣♣♣♣♣♣
.≈≈..≈≈≈≈≈≈≈≈≈.♣...♣♣♣... ♣≈.♣≈♣
...≈.≈≈≈≈≈..≈≈♣.....♣≈≈≈≈♣♣♣ ♣≈≈≈
≈≈≈..≈≈≈..<.≈...@≈≈.♣♣.≈≈.≈♣♣♣...
≈≈≈≈≈..........RR≈≈≈♣≈.≈≈>.≈..≈.§
≈≈≈≈.≈.≈≈...♣..♣♣..♣♣≈≈≈≈≈[≈...>≈
§...≈..))♣♣♣♣♣♣[..♣♣ ♣≈≈≈≈≈.≈≈..≈
≈≈≈≈≈≈≈.♣♣♣≈♣♣.≈≈..♣♣♣≈≈≈≈≈≈..≈.≈
≈≈≈.≈≈≈≈♣♣≈§§..≈≈≈≈≈♣♣.≈§≈≈≈....≈
♣♣♣≈..[..≈../≈≈≈≈≈≈..♣.≈≈≈≈≈.≈..≈
♣..≈≈≈≈≈♣.≈≈..≈≈≈..≈..≈@≈≈≈≈...
♣.≈≈≈≈≈♣♣.≈.≈♣♣.≈♣..≈≈≈≈≈≈≈≈..≈


You could see the friendly Numeria the hexer and an eleionoma (drained, ally
target).

Vanquished Creatures
  Rupert (Lair:3)
  A bunyip (Swamp:1)
  A dire elephant (Swamp:1)
  A minotaur (D:12)
  The ghost of Gaff the Grappler, a journeyman TrWr of Cheibriados (D:12)
  Josephine (D:11)
  5 hydras
  3 alligators (Swamp:1)
  2 death yaks (IceCv)
  A two-headed ogre (D:13)
  Urug (D:13)
  2 orc high priests (Orc:2)
  2 spriggan druids (Swamp:2)
  4 skeletal warriors (D:11)
  2 goliath frogs
  An unseen horror (D:12)
  An infernal demonspawn (Orc:2)
  A bog body (Swamp:1)
  A gelid demonspawn (Orc:2)
  4 swamp dragons
  A deep elf pyromancer (D:12)
  An orc knight (Orc:2)
  A manticore (Lair:6)
  An ugly thing (D:12)
  2 oklob plants (Lair:2)
  3 orc sorcerers
  A black mamba (Lair:5)
  An ice statue (IceCv)
  15 elephants
  A smoke demon (Orc:2)
  6 cane toads
  Maggie (D:6)
  3 centaur skeletons
  6 komodo dragons
  2 kobold demonologists (D:11)
  2 rime drakes
  2 ice devils (D:13)
  A hellwing (Orc:2)
  A queen bee (Lair:1)
  2 trolls
  13 polar bears
  4 hornets
  5 blink frogs
  A meliai zombie (D:13)
  5 spriggans
  3 wraiths (D:11)
  3 shadows
  4 wyverns
  32 yaks
  A basilisk (Lair:1)
  2 nagas (Lair:3)
  8 swamp worms
  2 wargs (Orc:1)
  2 acid dragons (D:12)
  10 water moccasins
  A hell hound (Swamp:1)
  15 orc warriors
  2 ice beasts
  7 black bears
  23 wolves
  8 ogres
  6 centaurs
  A phantom (D:9)
  9 bullfrogs
  3 gnoll sergeants (D:5)
  2 scorpions
  A water moccasin skeleton (D:5)
  A wyvern skeleton (D:12)
  24 killer bees
  7 wights
  A howler monkey (D:7)
  4 electric eels
  2 centaur zombies
  A quasit (D:4)
  A bullfrog zombie (D:4)
  12 hounds
  A jelly (D:11)
  22 orc priests
  3 gnoll shamans
  2 bullfrog skeletons (D:11)
  An iguana (D:12)
  17 hexers
  11 orc wizards
  3 hell rats
  9 worker ants
  A killer bee zombie (D:5)
  A hound skeleton (D:6)
  A worker ant zombie (D:7)
  4 adders
  31 gnolls
  A shadow imp (D:5)
  8 white imps
  4 oozes
  3 adder skeletons
  An adder zombie (D:7)
  3 worms
  2 dart slugs
  A leopard gecko (D:11)
  72 orcs
  6 bats
  5 giant cockroaches
  6 goblins
  9 hobgoblins
  9 jackals
  18 kobolds
  6 quokkas
  2 ball pythons
  4 frilled lizards
  3 rats
585 creatures vanquished.

Vanquished Creatures (collateral kills)
  A frost giant (IceCv)
  A dire elephant (Swamp:1)
  Snorg (Orc:1)
  2 eleionomae (Swamp:2)
  Harold (D:8)
  5 hydras
  A merfolk avatar (Lair:6)
  5 orc high priests (Orc:2)
  A deep elf knight (Swamp:1)
  A skeletal warrior (D:11)
  A sea snake (Lair:6)
  2 swamp dragons
  A deep elf archer (Swamp:1)
  2 bog bodies
  2 oklob plants
  6 orc knights
  2 orc sorcerers (Orc:2)
  A will-o-the-wisp (Swamp:1)
  An ugly thing (D:12)
  A manticore (D:12)
  13 elephants
  A smoke demon (Orc:2)
  2 black mambas (Lair:6)
  6 komodo dragons
  3 rime drakes
  6 cane toads
  8 polar bears
  2 trolls
  A wind drake (Lair:6)
  5 hornets
  2 tyrant leeches
  12 blink frogs
  2 wraiths
  A shadow (D:11)
  Sigmund (D:6)
  3 spriggans (Swamp:2)
  6 yaks
  A basilisk (Lair:6)
  2 wyverns (Lair:6)
  A ynoxinul (Orc:2)
  A steam dragon (Lair:5)
  A chaos spawn (Orc:2)
  2 nagas (Lair:3)
  An acid dragon (D:12)
  7 water moccasins
  5 swamp worms
  A black bear (D:9)
  26 orc warriors
  An ice beast (D:8)
  19 wolves
  4 centaurs
  4 ogres
  A phantom (D:7)
  5 bullfrogs
  A kobold brigand (D:12)
  5 killer bees (Lair:1)
  7 wights
  3 electric eels (Lair:4)
  A howler monkey (D:10)
  2 bullfrog zombies
  A centaur zombie (D:6)
  A bullfrog skeleton (D:12)
  A jelly (D:7)
  15 orc priests
  4 iguanas
  19 orc wizards
  A hell rat (Lair:1)
  A worker ant zombie (D:7)
  8 gnolls
  2 adders
  3 white imps
  2 ufetubi
  54 orcs
  7 jackals
  3 kobolds (D:12)
  A quokka (D:10)
336 creatures vanquished.

Vanquished Creatures (others)
  A dancing weapon (Orc:2)
  A bloated husk (Swamp:1)
  2 yaks (IceCv)
  2 wolves (IceCv)
  An electric eel (Lair:4)
  50 hexers
  An orc wizard (D:6)
  6 ancestors
  2 foxfires (Swamp:1)
  131 fungi
  172 plants
369 creatures vanquished.

Grand Total: 1290 creatures vanquished

Notes
Turn   | Place    | Note
-------+----------+-------------------------------------------
     0 | D:1      | JoanKharjo the Human Arcane Marksman began the quest for
                  | the Orb.
     0 | D:1      | Reached XP level 1. HP: 15/15 MP: 2/2
   421 | D:1      | Reached XP level 2. HP: 21/21 MP: 0/3
   424 | D:1      | Learned a level 2 spell: Slow
   472 | D:1      | Reached skill level 1 in Short Blades
  1046 | D:1      | Reached XP level 3. HP: 23/26 MP: 2/4
  1556 | D:2      | You fall into a shaft and drop 1 floor!
  2122 | D:2      | Reached skill level 3 in Bows
  2491 | D:3      | Reached XP level 4. HP: 32/32 MP: 3/5
  3084 | D:3      | Reached skill level 4 in Bows
  3084 | D:3      | Reached XP level 5. HP: 30/37 MP: 6/6
  3088 | D:3      | Learned a level 3 spell: Inner Flame
  3880 | D:3      | Reached skill level 5 in Bows
  4698 | D:4      | Found Heikhleot's Armour Emporium.
  4767 | D:4      | Reached XP level 6. HP: 43/43 MP: 8/8
  5853 | D:5      | Entered Level 5 of the Dungeon
  6142 | D:5      | Reached XP level 7. HP: 45/48 MP: 11/11
  6146 | D:5      | Learned a level 3 spell: Portal Projectile
  6201 | D:5      | Reached skill level 1 in Translocations
  6892 | D:5      | Reached skill level 5 in Hexes
  7000 | D:5      | Found Pinoy's Armour Shoppe.
  7023 | D:5      | Found a staircase to the Ecumenical Temple.
  7216 | Temple   | Entered the Ecumenical Temple
  7228 | Temple   | Became a worshipper of Hepliaklqana the Forgotten
  7297 | D:5      | Reached XP level 8. HP: 38/48 MP: 12/12
  8046 | D:5      | Reached skill level 6 in Bows
  8240 | D:5      | Reached skill level 7 in Bows
  8462 | D:5      | Identified the +3 leather armour "Noeneco" {+Inv rC+ rCorr
                  | Str-5}
  8836 | D:5      | Found a staircase to the Ecumenical Temple.
  8861 | D:5      | Found Pinoy's Armour Shoppe.
  9449 | D:6      | Reached XP level 9. HP: 51/53 MP: 11/13
  9549 | D:6      | Reached skill level 8 in Bows
  9551 | D:6      | You fall into a shaft and drop 2 floors!
  9592 | D:6      | Reached * piety under Hepliaklqana
  9980 | D:6      | Noticed Sigmund
  9990 | D:6      | Killed Sigmund
  9991 | D:6      | Reached skill level 9 in Bows
 10090 | D:6      | Noticed Maggie
 10646 | D:6      | Learned a level 4 spell: Cause Fear
 10702 | D:6      | Killed Maggie
 10842 | D:6      | Reached skill level 10 in Bows
 11343 | D:7      | Reached XP level 10. HP: 58/58 MP: 14/14
 11374 | D:7      | Found Daexicam's Assorted Antiques.
 11383 | D:7      | Bought a potion of heal wounds for 160 gold pieces
 11384 | D:7      | Bought a scroll of identify for 64 gold pieces
 11385 | D:7      | Gained mutation: You expend magic power (3 MP) to
                  | strengthen your wands. [potion of mutation]
 11385 | D:7      | Gained mutation: You have a somewhat thin skeletal
                  | structure. (Dex +2, Stealth) [potion of mutation]
 11386 | D:7      | Bought a coppery potion for 28 gold pieces
 11422 | D:7      | Reached skill level 11 in Bows
 11650 | D:7      | Found a white marble altar of Elyvilon.
 11657 | D:7      | Found a shimmering blue altar of Sif Muna.
 12867 | D:7      | Found Daexicam's Assorted Antiques.
 13130 | D:7      | Found a white marble altar of Elyvilon.
 13130 | D:7      | Found a shimmering blue altar of Sif Muna.
 13360 | D:7      | Found Daexicam's Assorted Antiques.
 13614 | D:7      | Found a white marble altar of Elyvilon.
 13614 | D:7      | Found a shimmering blue altar of Sif Muna.
 13965 | D:7      | Found Daexicam's Assorted Antiques.
 14238 | D:7      | Found a white marble altar of Elyvilon.
 14238 | D:7      | Found a shimmering blue altar of Sif Muna.
 14545 | D:7      | Found Daexicam's Assorted Antiques.
 14967 | D:7      | Found a white marble altar of Elyvilon.
 14967 | D:7      | Found a shimmering blue altar of Sif Muna.
 15138 | D:8      | Noticed Psyche
 15883 | D:8      | Noticed Gastronok
 16251 | D:8      | Found a blossoming altar of Fedhas.
 16253 | D:8      | Noticed Harold
 16461 | D:8      | Killed Harold
 16481 | D:8      | Reached ** piety under Hepliaklqana
 16484 | D:8      | Remembered your ancestor Numeria as a hexer
 16929 | D:9      | Noticed a komodo dragon
 16947 | D:9      | Killed a komodo dragon
 17245 | D:9      | Noticed a five-headed hydra
 17329 | D:9      | Found a staircase to the Lair.
 17355 | D:9      | Reached XP level 11. HP: 40/63 MP: 17/17
 17861 | D:9      | Reached skill level 12 in Bows
 17875 | D:9      | Learned a level 4 spell: Leda's Liquefaction
 18251 | D:9      | Reached skill level 10 in Hexes
 18632 | D:10     | Entered Level 10 of the Dungeon
 18710 | D:10     | Noticed a seven-headed hydra
 19179 | D:9      | Killed a five-headed hydra
 19180 | D:9      | Reached skill level 5 in Spellcasting
 19958 | D:10     | Killed a seven-headed hydra
 19985 | D:9      | Learned a level 4 spell: Summon Ice Beast
 20084 | D:10     | Reached skill level 1 in Summonings
 21433 | D:11     | Reached skill level 5 in Summonings
 21532 | D:11     | Reached XP level 12. HP: 57/68 MP: 21/21
 21691 | D:11     | Noticed a skeletal warrior
 21692 | D:11     | Noticed a skeletal warrior
 21803 | D:11     | Killed a skeletal warrior
 22001 | D:11     | Noticed Josephine
 22048 | D:11     | Reached skill level 1 in Ice Magic
 22050 | D:11     | Killed Josephine
 22721 | D:11     | Noticed a skeletal warrior
 22825 | Lair:1   | Entered Level 1 of the Lair of Beasts
 22885 | Lair:1   | Reached *** piety under Hepliaklqana
 22908 | Lair:1   | Noticed a six-headed hydra
 22926 | Lair:1   | Killed a six-headed hydra
 24249 | Lair:1   | Reached skill level 13 in Bows
 25299 | Lair:2   | Noticed a six-headed hydra
 25785 | Lair:1   | Reached XP level 13. HP: 56/72 MP: 22/22
 26206 | Lair:2   | Noticed a six-headed hydra
 26226 | Lair:2   | Noticed a four-headed hydra
 26253 | Lair:2   | Killed a six-headed hydra
 26270 | Lair:2   | Killed a four-headed hydra
 26271 | Lair:2   | Reached skill level 14 in Bows
 27791 | Lair:2   | Killed a six-headed hydra
 29029 | Lair:2   | Found a staircase to the Swamp.
 29831 | Lair:2   | Found a staircase to the Swamp.
 32580 | Lair:2   | Found a staircase to the Swamp.
 33027 | Lair:3   | Noticed Rupert
 33455 | Lair:3   | Learned a level 2 spell: Blink
 33603 | Lair:3   | Found a staircase to the Snake Pit.
 33620 | Lair:3   | Killed Rupert
 33848 | Lair:3   | Reached skill level 5 in Fighting
 34142 | Lair:3   | Reached **** piety under Hepliaklqana
 34636 | Lair:4   | Found an ornate altar of the Wu Jian Council.
 34762 | Lair:4   | Reached XP level 14. HP: 68/88 MP: 23/23
 37606 | Lair:4   | Found an ornate altar of the Wu Jian Council.
 38197 | Lair:4   | Reached skill level 1 in Armour
 38641 | Lair:5   | Found an iron altar of Okawaru.
 39809 | Lair:5   | Found an iron altar of Okawaru.
 40116 | Lair:6   | Entered Level 6 of the Lair of Beasts
 40831 | Lair:5   | Reached skill level 5 in Dodging
 41692 | Lair:6   | Reached skill level 5 in Armour
 42432 | Lair:6   | Reached XP level 15. HP: 74/99 MP: 14/24
 42947 | Lair:6   | Reached ***** piety under Hepliaklqana
 43013 | Lair:6   | Found a staircase to the Slime Pits.
 43014 | Lair:6   | Found a viscous altar of Jiyva.
 43325 | Slime:1  | Entered Level 1 of the Pits of Slime
 43325 | Slime:1  | Noticed a quicksilver ooze
 43325 | Slime:1  | Noticed an acid blob
 43583 | Lair:6   | Found a viscous altar of Jiyva.
 43583 | Lair:6   | Found a staircase to the Slime Pits.
 43851 | Swamp:1  | Entered Level 1 of the Swamp
 44846 | D:12     | Learned a level 3 spell: Tukima's Dance
 44989 | D:12     | Found a runed translucent gate.
 44989 | D:12     | Found a runed translucent gate.
 44989 | D:12     | Found a runed translucent gate.
 44992 | D:12     | Noticed Gaff's ghost (journeyman TrWr)
 45270 | D:12     | Identified the +1 shortbow "Afri" {freeze, Will+ Dex+3}
 45794 | D:12     | Found a staircase to the Orcish Mines.
 46420 | D:13     | Found a frozen archway.
 46476 | IceCv    | Entered an ice cave
 47906 | IceCv    | Reached skill level 1 in Stealth
 48157 | IceCv    | Noticed a frost giant
 48176 | IceCv    | Killed a frost giant
 48650 | D:13     | Found a runed translucent gate.
 48821 | D:13     | Found a runed translucent gate.
 48821 | D:13     | Found an opulent altar of Gozag.
 48821 | D:13     | Found a runed translucent gate.
 48823 | D:13     | Found Zues's Assorted Antiques.
 48823 | D:13     | Noticed Runute's ghost (journeyman GrEE)
 48849 | D:13     | Found a snail-covered altar of Cheibriados.
 48863 | D:13     | Reached skill level 1 in Invocations
 48873 | D:13     | Noticed Urug
 48899 | D:13     | Killed Urug
 49302 | Orc:1    | Entered Level 1 of the Orcish Mines
 49420 | Orc:1    | Paralysed by an orc sorcerer for 7 turns
 50168 | Orc:2    | Entered Level 2 of the Orcish Mines
 50168 | Orc:2    | Noticed Snorg
 50443 | Orc:1    | Killed Snorg
 51003 | Orc:2    | Found a staircase to the Elven Halls.
 51076 | Orc:2    | Reached ****** piety under Hepliaklqana
 51445 | Orc:2    | Reached skill level 5 in Invocations
 51711 | Orc:2    | Found Botzio Damn's General Store.
 51750 | Orc:2    | Found Ysyn's General Store.
 51880 | Orc:2    | Bought a scroll of identify for 32 gold pieces
 51880 | Orc:2    | Bought a potion of attraction for 48 gold pieces
 51883 | Orc:2    | Bought 2 potions of curing for 78 gold pieces
 51883 | Orc:2    | Bought a scroll of teleportation for 39 gold pieces
 52100 | Orc:2    | Reached XP level 16. HP: 105/105 MP: 16/27
 52558 | Orc:2    | Paralysed by an orc sorcerer for 3 turns
 53880 | Orc:2    | Found Esetik's Jewellery Shop.
 53880 | Orc:2    | Found a one-way gate leading to the halls of Pandemonium.
 53880 | Orc:2    | Found Niokkaofi's Antique Weapon Boutique.
 54008 | Elf:1    | Entered Level 1 of the Elven Halls
 54008 | Elf:1    | Noticed Asterion
 54044 | Orc:2    | Bought a book of Callings for 390 gold pieces
 54049 | Orc:2    | Learned a level 4 spell: Summon Lightning Spire
 55556 | D:12     | Found a staircase to the Orcish Mines.
 55938 | D:12     | Killed Gaff's ghost
 57298 | Swamp:1  | Reached skill level 10 in Summonings
 58171 | Swamp:2  | Noticed Frances
 59137 | Swamp:1  | Identified the Compendium of Bewitchment and Stones
 59611 | Swamp:1  | Reached skill level 10 in Fighting
 61263 | Swamp:2  | Killed from afar by an eleionoma

Illustrated notes

Levels and vault maps discovered:
D:1:      matt_arrival_grand_opening, layout_loops_corners
D:2:      layout_rooms, hangedman_decor_riveting
D:3:      layout_basic, kennysheep_generic_room_13
D:4:      layout_basic, serial_shops, shop
D:5:      layout_cave_pools, temple_pool_b, serial_gnoll_camp,
          gnoll_camp_huts_moat, gnoll_camp_mini_shop, gnoll_camp_medium_01,
          gnoll_camp_mini_loothouse, gnoll_camp_mini_doghouse
D:6:      layout_cave_pods, minivault_19, columned_hall_lemuel, kennysheep_nub,
          uniq_maggie, uniq_sigmund
D:7:      layout_loops_cross, amethyst_overflow_temple_binary, serial_shops,
          nicolae_shop_overgrown_old_shop
D:8:      kennysheep_spiral_hall, layout_basic, basic_altar, abandoned_shop,
          uniq_gastronok, uniq_psyche, uniq_harold
D:9:      layout_loops_ring, due_lair_maze_entry_diamond, serial_ice,
          serial_ice_n, serial_ice_b, serial_ice_a, serial_ice_d
D:10:     layout_rooms
D:11:     layout_loops_ring, uniq_josephine
D:12:     layout_irregular_city, hiddenorc2_lemuel,
          maelrawn_ghost_gauntlet_escape, serial_bayou_pond_a
D:13:     layout_grid_maze, ebering_ghost_gozag, portal_ice_cave_demonic_guard,
          cheibriados_altar_1, uniq_urug
Temple:   regret_index_temple_chain_breaker
Lair:1:   layout_roguey [special_room_bee]
Lair:2:   layout_concentric_octagons, nicolae_swamp_entry_splash_gauntlet,
          minmay_lair_oklob_chamber, lemuel_fruit_tree, grunt_megastairs_3
Lair:3:   layout_roguey, minmay_snake_entry_guardpost_medium,
          grunt_forest_large_clearing_hut, serial_bayou_shore_b, uniq_rupert
Lair:4:   layout_cellular_growth, serial_bayou, serial_bayou_lagoon_a,
          serial_bayou_pond_e, serial_bayou_pond_e, serial_bayou_shore_a,
          serial_bayou_lagoon_b, lemuel_centaur_altar
Lair:5:   layout_roguey, basic_altar
Lair:6:   gammafunk_lair_ancient_temple, layout_misc_corridors, slime_altar_1
Swamp:1:  nicolae_swamp_ascending_descending_big, layout_falls_marsh,
          evilmike_swamp_ruin_house_3, beargit_elvish_explorers,
          infiniplex_staircase_pool_2
Swamp:2:  layout_basic_swamp, infiniplex_staircase_pool, uniq_frances
Swamp:3:  layout_falls_marsh, hangedman_swamp_ruin_wall, uniq_jorgrun
Slime:1:  layout_caves, cheibrodos_slime_lost_civilization_5
Orc:1:    layout_caves
Orc:2:    pf_orc_diabolical, layout_caves, uniq_snorg
Elf:1:    minmay_elf_arrival_summoners, layout_geoelf_diagonals, basic_altar,
          minmay_elf_demonology, moated_statue, uniq_asterion

Skill      XL: |  1  2  3  4  5  6  7  8  9 10 11 12 13 14 15 16 |
---------------+-------------------------------------------------+-----
Short Blades   | 1 2 |  2.0
Bows           | 3 4 5 7 10 11 12 13 14 | 14.0
Spellcasting   | 2 4 6 7 |  7.5
Hexes          | 4 5 6 9 10 12 13 | 13.0
Translocations | 2 |  2.1
Summonings     | 5 8 10 | 10.1
Ice Magic      | 4 |  4.0
Fighting       | 5 8 10 | 10.3
Dodging        | 3 6 7 8 |  8.4
Armour         | 7 |  7.9
Stealth        | 4 |  4.1
Invocations    | 6 |  6.6

Action                   |  1- 3 |  4- 6 |  7- 9 | 10-12 | 13-15 | 16-18 || total
-------------------------+-------+-------+-------+-------+-------+-------++-------
Melee: Short sword       |   125 |   118 |       |       |       |       ||   243
       Dagger            |       |    21 |    88 |    39 |   105 |    55 ||   308
       Trident           |       |       |   148 |   467 |   806 |    63 ||  1484
       Scimitar          |       |       |       |    47 |       |       ||    47
 Fire: Shortbow          |       |    89 |    98 |   106 |   521 |   336 ||  1150
Throw: Boomerang         |       |       |    26 |       |       |       ||    26
       Throwing net      |       |       |     1 |       |       |       ||     1
 Cast: Corona            |    21 |    33 |    47 |    35 |    25 |     1 ||   162
       Inner Flame       |       |       |     6 |    45 |    53 |     8 ||   112
       Cause Fear        |       |       |     1 |     4 |    23 |     7 ||    35
       Portal Projectile |       |       |     1 |     3 |    26 |    32 ||    62
       Slow              |       |       |       |     7 |    49 |     2 ||    58
       Leda's Liquefacti |       |       |       |     1 |     5 |     1 ||     7
       Summon Ice Beast  |       |       |       |     8 |   122 |    90 ||   220
       Tukima's Dance    |       |       |       |       |    10 |    16 ||    26
       Blink             |       |       |       |       |     9 |     5 ||    14
       Summon Lightning  |       |       |       |       |       |     4 ||     4
Invok: Ancestor Identity |       |       |     1 |     2 |       |       ||     3
       Recall Ancestor   |       |       |     4 |     9 |     6 |     1 ||    20
       Ancestor Life: He |       |       |       |     1 |       |       ||     1
Evoke: Wand              |       |       |     3 |     5 |     2 |       ||    10
       Lightning rod     |       |       |       |       |       |     2 ||     2
  Use: Scroll            |       |     1 |     7 |     7 |    15 |     6 ||    36
       Potion            |       |     1 |     2 |     4 |     4 |     3 ||    14
 Stab: Sleeping          |       |     1 |       |     6 |     2 |     1 ||    10
       Distracted        |       |       |     2 |     8 |    15 |     3 ||    28
       Confused          |       |       |       |     4 |    26 |       ||    30
       Paralysed         |       |       |       |       |    60 |     9 ||    69
       Betrayed ally     |       |       |       |       |       |     1 ||     1
Armor: Robe              |    24 |    42 |    44 |   174 |    97 |       ||   381
       Steam dragon scal |       |       |       |       |   111 |    47 ||   158
Dodge: Dodged            |    78 |   126 |   172 |   314 |   686 |   144 ||  1520
       Rpst.: Scimitar   |       |       |       |    11 |       |       ||    11

Table legend: (Time is in decaauts)
 A = Elapsed time spent in this place.
 B = Non-inter-level travel time spent in this place.
 C = Inter-level travel time spent in this place.
 D = Time resting spent in this place.
 E = Time spent auto-exploring this place.
 F = Levels seen in this place.
 G = Mean time per level.
                   A        B        C        D        E       F      G
               +--------+--------+--------+--------+--------+-----+--------+
         Total |  61725 |  59269 |   2456 |  15902 |  30635 |  28 | 2204.5 |
       Dungeon |  28989 |  27972 |   1017 |   4906 |  16657 |  13 | 2229.9 |
        Temple |     25 |     25 |      0 |      0 |      9 |   1 |   25.0 |
          Lair |  21342 |  20281 |   1061 |   7022 |  10041 |   6 | 3557.0 |
         Swamp |   4596 |   4357 |    239 |   1403 |   1840 |   3 | 1532.0 |
    Slime Pits |      1 |      1 |      0 |      0 |      0 |   1 |    1.0 |
  Orcish Mines |   4655 |   4517 |    138 |   1441 |   1848 |   2 | 2327.5 |
   Elven Halls |      1 |      1 |      0 |      0 |      0 |   1 |    1.0 |
      Ice Cave |   2114 |   2114 |      0 |   1128 |    239 |   1 | 2114.0 |
               +--------+--------+--------+--------+--------+-----+--------+

Top non-repeatable levels by time:
  Lair:2: 6861 daAuts
     D:7: 4017 daAuts
    D:12: 3762 daAuts
  Lair:4: 3755 daAuts
     D:5: 3402 daAuts
  Lair:1: 3244 daAuts
 Swamp:1: 3076 daAuts
    D:11: 2852 daAuts
   Orc:2: 2839 daAuts
     D:9: 2816 daAuts
  Lair:5: 2799 daAuts
  Lair:6: 2787 daAuts
   IceCv: 2114 daAuts
  Lair:3: 1893 daAuts
     D:6: 1819 daAuts
